 Dungeon Crawl Stone Soup version 0.31-a0-236-g9a0961fb85 (webtiles) character file.

Game seed: 9056346860896351984

729 qw the Skirmisher (level 7, -3/60 HPs)
             Began as a Minotaur Hexslinger on July 10, 2023.
             Succumbed to a water moccasin's poison
             ... on level 5 of the Dungeon.
             The game lasted 00:01:21 (4385 turns).

qw the Skirmisher (Minotaur Hexslinger)             Turns: 4385, Time: 00:01:23

Health: -3/60      AC:  5    Str: 12    XL:     7   Next: 44%
Magic:  7/7        EV: 11    Int: 10    God:
Gold:   312        SH:  0    Dex: 15    Spells: 7/8 levels left

rFire   . . .        j - +2 sling (heavy)
rCold   . . .        (no shield)
rNeg    . . .        e - +0 ring mail
rPois   .            (helmet restricted)
rElec   .            (no cloak)
rCorr   .            (no gloves)
SInv    .            (no boots)
Will    .....        i - amulet of faith
Stlth   +            (no ring)
HPRegen 0.30/turn    (no ring)
MPRegen 0.10/turn

%: faith
@: lethally poisoned (-3 -> -35)
A: horns 2, retaliatory headbutt
a: no special abilities


You were on level 5 of the Dungeon.
You visited 1 branch of the dungeon, and saw 5 of its levels.

You collected 312 gold pieces.


Innate Abilities, Weirdness & Mutations

You have a pair of horns on your head.
You reflexively headbutt those who attack you in melee.


   Skills:
 + Level 4.6 Fighting
 - Level 8.2 Ranged Weapons
 - Level 1.0 Armour
 - Level 2.1 Dodging
 - Level 1.0 Spellcasting
 - Level 2.0 Hexes


You had 7 spell levels left.
You knew the following spells:

 Your Spells              Type           Power      Damage    Failure   Level
a - Slow                  Hex            16%        N/A       34%         1

Your spell library contained the following spells:

 Spells                   Type           Power      Damage    Failure   Level
 Inner Flame              Hex/Fire       2%         N/A       83%         3
 Portal Projectile        Hex/Tloc       4%         N/A       83%         3
 Cause Fear               Hex            2%         N/A       98%         4

Inventory:

Hand Weapons
 j - a +2 heavy sling (weapon)
Armour
 e - a +0 ring mail (worn)
 o - a scarf of harm
Jewellery
 c - an amulet of the acrobat
 i - an amulet of faith (around neck)
Scrolls
 h - a scroll of identify
 m - a scroll of brand weapon
Potions
 a - 2 potions of enlightenment
 b - a potion of cancellation {unknown}
 d - a potion of invisibility {unknown}
 f - a potion of brilliance {unknown}
 g - a potion of berserk rage {unknown}
 k - a potion of might {unknown}
 l - a potion of heal wounds {unknown}
 n - a potion of degeneration {unknown}

Dungeon Overview and Level Annotations

Branches:
Dungeon (5/15)
 Temple: D:4-7

Altars:
Ashenzari
Dithmenos
Elyvilon
Qazlal
Wu Jian


Message History

There is a stone staircase leading down here.
A water moccasin comes into view.
The water moccasin hisses angrily.
You shoot a sling bullet.
The sling bullet closely misses the water moccasin.
You shoot a sling bullet.
The sling bullet closely misses the water moccasin.
You shoot a sling bullet.
The sling bullet hits the water moccasin!
The water moccasin is heavily wounded.
The water moccasin bites you.
The water moccasin bites you but does no damage.
The water moccasin bites you!
You are poisoned.
The water moccasin poisons you!
You shoot a sling bullet.
The sling bullet hits the water moccasin!
The water moccasin is almost dead.
You feel very sick. The water moccasin bites you. x2
You are more poisoned.
The water moccasin poisons you!
You shoot a sling bullet.
The sling bullet barely misses the water moccasin.
You feel very sick. The water moccasin bites you.
You are more poisoned.
The water moccasin poisons you! The water moccasin bites you.
You are lethally poisoned!
The water moccasin poisons you!
You shoot a sling bullet.
The sling bullet closely misses the water moccasin.
You feel extremely sick. The water moccasin bites you.
You are more poisoned.
The water moccasin poisons you! The water moccasin misses you.
You shoot a sling bullet.
The sling bullet hits the water moccasin!
You kill the water moccasin!
You die...

#....##.#
#...>...#
#....##.#####
####.##.....#
####.##.....#
#...........#
#...........#
#...[.......#
#.....[..@..#
#........%..#
#####..........
#............
#...........#
.............#
......#######..
...... ##


There were no monsters in sight!

Vanquished Creatures
  Grinder (D:3)
  A water moccasin (D:5)
  2 phantoms (D:4)
  A hound (D:4)
  A jelly (D:5)
  2 iguanas (D:4)
  An orc wizard (D:5)
  Natasha (thrice) (D:2)
  4 gnolls (D:3)
  4 adders
  A worm (D:2)
  3 dart slugs
  4 orcs
  8 ball pythons
  8 endoplasms
  5 giant cockroaches
  12 goblins
  10 hobgoblins
  5 jackals
  5 kobolds
  6 quokkas
  7 bats
  2 frilled lizards
  8 rats
104 creatures vanquished.

Notes
Turn   | Place    | Note
-------+----------+-------------------------------------------
     0 | D:1      | qw the Minotaur Hexslinger began the quest for the Orb.
     0 | D:1      | Reached XP level 1. HP: 16/16 MP: 1/1
     0 | D:1      | 0 ||| qw: Version: 0.3-a-51-g015441d
     0 | D:1      | 0 ||| qw: Game counter: 4491
     0 | D:1      | 0 ||| qw: Melee chars always use a shield: true
     0 | D:1      | 0 ||| qw: God list: Okawaru
     0 | D:1      | 0 ||| qw: Allow faded altars: false
     0 | D:1      | 0 ||| qw: Do Orc after clearing Dungeon:15 true
     0 | D:1      | 0 ||| qw: Do second Lair branch before Depths: true
     0 | D:1      | 0 ||| qw: Lair rune preference: random
     0 | D:1      | 0 ||| qw: Goals: Normal
     0 | D:1      | 0 ||| PLANNING D:1-11
   188 | D:1      | Reached skill level 3 in Ranged Weapons
   188 | D:1      | Reached XP level 2. HP: 23/23 MP: 2/2
   737 | D:1      | Reached XP level 3. HP: 25/29 MP: 3/3
   854 | D:1      | 854 ||| UPGRADING to +0 ring mail.
   864 | D:1      | 864 ||| DROPPING +0 robe.
   865 | D:1      | 865 ||| READING scroll labelled YMPOMEOTIB.
   866 | D:1      | 866 ||| READING scroll labelled ONIM FAMUILO.
   867 | D:1      | 867 ||| READING scroll labelled GOOVIE WE JUSO.
   872 | D:1      | 872 ||| DRINKING 2 grey potions.
   903 | D:1      | 903 ||| DROPPING scroll of poison.
   904 | D:1      | 904 ||| DROPPING potion of lignification.
  1003 | D:2      | 1003 ||| FLEEEEING.
  1053 | D:2      | Noticed Natasha
  1060 | D:2      | Killed Natasha
  1061 | D:2      | Reached skill level 4 in Ranged Weapons
  1171 | D:2      | Reached skill level 1 in Armour
  1171 | D:2      | Reached XP level 4. HP: 27/36 MP: 4/4
  1218 | D:2      | Noticed Natasha
  1220 | D:2      | Killed Natasha
  1388 | D:2      | Reached skill level 5 in Ranged Weapons
  1650 | D:2      | Noticed Natasha
  1652 | D:2      | 1652 ||| Stepping ~*~*~tactically~*~*~ (outnumbered).
  1657 | D:2      | Killed Natasha
  1658 | D:2      | Reached skill level 3 in Fighting
  1658 | D:2      | Reached XP level 5. HP: 14/45 MP: 5/5
  2073 | D:2      | 2073 ||| READING 2 scrolls labelled WODOTU QOOT.
  2074 | D:2      | 2074 ||| READING scroll of enchant weapon.
  2074 | D:2      | 2074 ||| ENCHANTING +1 heavy sling.
  2075 | D:2      | 2075 ||| READING scroll labelled NEREMA INOSK.
  2765 | D:3      | Noticed Grinder
  2766 | D:3      | Paralysed by Grinder for 2 turns
  2782 | D:3      | Killed Grinder
  2783 | D:3      | Reached skill level 7 in Ranged Weapons
  2783 | D:3      | Reached XP level 6. HP: 36/51 MP: 6/6
  3215 | D:3      | 3215 ||| UPGRADING to amulet of faith.
  3220 | D:3      | 3220 ||| READING scroll labelled PANALA IGILEOKE.
  3221 | D:3      | 3221 ||| READING 2 scrolls labelled VIONITRUVU.
  3222 | D:3      | 3222 ||| READING scroll labelled EBOKHE UMIA.
  3223 | D:3      | 3223 ||| READING scroll labelled BOXURENL MOCOL.
  3224 | D:3      | 3224 ||| READING scroll labelled QUXZEEG EMIS.
  3261 | D:4      | Found a broken altar of Ashenzari.
  3261 | D:4      | Found a stormy altar of Qazlal.
  3377 | D:4      | Reached XP level 7. HP: 55/59 MP: 7/7
  3649 | D:4      | Found an ornate altar of the Wu Jian Council.
  3687 | D:4      | 3687 ||| FLEEEEING.
  3751 | D:4      | Found a white marble altar of Elyvilon.
  3771 | D:4      | Reached skill level 8 in Ranged Weapons
  4220 | D:4      | Found a shadowy altar of Dithmenos.
  4222 | D:4      | 4222 ||| READING 2 scrolls of identify.
  4222 | D:4      | 4222 ||| IDENTIFYING amethyst potion
  4248 | D:5      | Entered Level 5 of the Dungeon
  4384 | D:5      | HP: 13/60 [poisoned by a water moccasin]
  4385 | D:5      | Succumbed to a water moccasin's poison

Levels and vault maps discovered:
D:1:      roderic_dead_forest, layout_basic, minmay_close_crescents
D:2:      layout_loops_corners, uniq_natasha
D:3:      layout_basic, uniq_grinder
D:4:      layout_cave_pods, grunt_temple_overflow_open,
          lemuel_coloured_pillars_altar, minmay_misc_feat_enclosed
D:5:      layout_basic, kennysheep_boxes

Skill      XL: |  1  2  3  4  5  6  7 |
---------------+----------------------+-----
Ranged Weapons | 3 4 5 7 8 |  8.2
Fighting       | 2 3 4 |  4.6
Armour         | 1 |  1.0
Dodging        | |  2.1
Spellcasting   | |  1.0
Hexes          | |  2.0

Action                     |  1- 3 |  4- 6 |  7- 9 || total
---------------------------+-------+-------+-------++-------
   Fire: Sling             |    91 |   130 |    64 ||   285
    Use: Scroll            |     3 |     8 |     1 ||    12
         Potion            |     1 |       |       ||     1
 Armour: Robe              |     6 |       |       ||     6
         Ring mail         |    14 |    10 |    25 ||    49
  Dodge: Dodged            |    24 |    39 |    22 ||    85

Table legend:
 A = Non-vault XP
 B = Vault XP
 C = Vault XP percentage of total XP
 D = Non-vault monster count
 E = Vault monster count
 F = Vault count percentage of total count
                 A         B        C        D         E       F
            +---------+---------+-------+---------+---------+-------
      Total |     881 |     306 |  25.8 |     100 |       4 |   3.8
            +---------+---------+-------+---------+---------+-------
        D:1 |      42 |       4 |   8.7 |      25 |       2 |   7.4
        D:2 |     124 |      35 |  22.0 |      21 |       1 |   4.5
        D:3 |     116 |     267 |  69.7 |      26 |       1 |   3.7
        D:4 |     369 |       0 |   0.0 |      22 |       0 |   0.0
        D:5 |     230 |       0 |   0.0 |       6 |       0 |   0.0
            +---------+---------+-------+---------+---------+-------
